 Dungeon Crawl Stone Soup version 0.32-a0-540-g866d13106e (webtiles) character file.

Game seed: 13653892442184689548

80 lunkers the Cutter (level 4, -2/33 HPs)
             Began as a Coglin Brigand on Feb 28, 2024.
             Was a Believer of Uskayaw.
             Succumbed to an orc's poison
             ... on level 3 of the Dungeon.
             The game lasted 00:03:16 (1865 turns).

lunkers the Cutter (Coglin Brigand)                 Turns: 1865, Time: 00:03:16

Health: -2/33      AC:  6    Str: 14    XL:     4   Next: 39%
Magic:  4/4        EV: 10    Int: 10    God:    Uskayaw [**....]
Gold:   108        SH:  0    Dex: 15    Spells: 3/3 levels left

rFire   . . .        a - +2 dagger {Juwon}
rCold   . . .        n - +1 dagger (vamp) {Karolin}
rNeg    . . .        f - +0 ring mail
rPois   .            (no helmet)
rElec   .            c - +0 cloak
rCorr   .            (no gloves)
SInv    .            (no boots)
Will    .....        (no amulet)
Stlth   ++           (ring unavailable)
HPRegen 0.25/turn    (ring unavailable)
MPRegen 0.09/turn

%: no passive effects
@: lethally poisoned (-2 -> -11), attractive, revving
A: off-hand wielding, slow wielding, warmup strikes, no rings
a: Renounce Religion, Stomp, Line Pass


You were on level 3 of the Dungeon.
You worshipped Uskayaw.
Uskayaw was noncommittal.
You visited 1 branch of the dungeon, and saw 3 of its levels.

You collected 108 gold pieces.

Inventory:

Hand Weapons
 a - a +2 dagger (weapon) {Juwon}
 l - a +0 long sword {Katrin}
 n - a +1 vampiric dagger (offhand) {Karolin}
 o - a +1 dagger of protection
 q - a +1 whip of freezing
Missiles
 d - 9 poisoned darts
 e - 3 curare-tipped darts
Armour
 b - a +0 robe
 c - a +0 cloak (worn)
 f - a +0 ring mail (worn)
Wands
 m - a wand of quicksilver (6)
Scrolls
 i - a scroll of teleportation {unknown}
 k - a scroll of amnesia {unknown}
 p - a scroll of noise {unknown}
 r - a scroll of enchant weapon {unknown}


   Skills:
 - Level 2.0 Fighting
 + Level 4.1 Short Blades
 - Level 1.7 Throwing
 - Level 0.8 Dodging
 - Level 3.2 Stealth


You had 3 spell levels left.
You didn't know any spells.
Your spell library was empty.

Dungeon Overview and Level Annotations

Branches:
Dungeon (3/15)

Altars:
Uskayaw

Shops:
D:3 =

Annotations:
D:3 3 runed translucent doors, audacious124's ghost, amateur MDMo


Innate Abilities, Weirdness & Mutations

You can wield a second weapon in your off-hand.
It takes a long time for you to wield or remove held weapons.
Your first few attacks do less damage.
Your grasper-arms cannot wear rings.


Message History

You feel sick.
You feel sick. The orc attacks as it pursues you!
The orc hits you with a +0 flail.
* * * LOW HITPOINT WARNING * * *
It was a potion of cancellation.
You feel magically purged.
You feel sick. The orc hits you but does no damage. x2
Unknown command.
Okay, then.
You closely miss the orc with your +2 dagger.
You hit the orc with your +1 vampiric dagger.
You feel better.
You feel sick.
You hit the orc with your +2 dagger.
You kill the orc!
You feel sick.
The orc hits you from afar with a +1 trident of venom.
* * * LOW HITPOINT WARNING * * *
You are lethally poisoned!
You can now pass through a line of other dancers.
* * * LOW HITPOINT WARNING * * *
You feel very sick. The orc closely misses you.
You see here a +0 flail.
It was a potion of curing.
You feel better.
Unknown command.
You hit the orc priest with your +2 dagger.
The orc priest is lightly wounded.
You hit the orc priest with your +1 vampiric dagger.
The orc barely misses you.
The orc priest hits you but does no damage.
Unknown command.
You closely miss the orc with your +1 vampiric dagger.
You hit the orc with your +2 dagger. The orc hits you but does no damage.
You are lethally poisoned!
The orc priest mumbles some strange prayers to Beogh against you.
Pain shoots through your body!
* * * LOW HITPOINT WARNING * * *
It was a potion of attraction.
You feel attractive to monsters.
You die...
Your body falls in perfect tune with the rhythm.

#.....###..''_''...
#.....# #..'''''.##
#####.###..'''''...
#.#..........##
#.#.....'....#
#.#.....#....#
#.#.)...#....##
#####.#.....#......
#o@...#########....
#o#####.. #....
#o....... #....
#.o...... #####
#.o..<... #........
#........ #(.......
#........


You could see an orc priest, an orc wizard and an orc.

Vanquished Creatures
  2 adders (D:2)
  3 dart slugs
  A ribbon worm (D:2)
  4 orcs (D:3)
  2 ball pythons
  3 endoplasms
  4 goblins
  5 hobgoblins
  6 kobolds
  2 quokkas
  9 bats
  4 frilled lizards
  4 rats
49 creatures vanquished.

Notes
Turn   | Place    | Note
-------+----------+-------------------------------------------
     0 | D:1      | lunkers the Coglin Brigand began the quest for the Orb.
     0 | D:1      | Reached XP level 1. HP: 16/16 MP: 1/1
    14 | D:1      | Reached skill level 2 in Short Blades
    72 | D:1      | Reached XP level 2. HP: 21/22 MP: 2/2
   949 | D:2      | Reached skill level 3 in Short Blades
   975 | D:2      | Reached XP level 3. HP: 27/27 MP: 3/3
  1333 | D:2      | Reached XP level 4. HP: 33/33 MP: 4/4
  1685 | D:3      | Found Wychewox's Jewellery Boutique.
  1695 | D:3      | Found a runed translucent gate.
  1695 | D:3      | Found a runed translucent gate.
  1695 | D:3      | Noticed audacious124's ghost (amateur MDMo)
  1697 | D:3      | Reached skill level 4 in Short Blades
  1727 | D:3      | Found a runed translucent gate.
  1820 | D:3      | Found a faded altar of an unknown god.
  1824 | D:3      | Prayed at the altar of an unknown god.
  1824 | D:3      | Became a worshipper of Uskayaw the Reveller
  1824 | D:3      | Reached * piety under Uskayaw
  1860 | D:3      | Reached ** piety under Uskayaw
  1864 | D:3      | HP: 1/33 [orc priest/nerve-wracking pain (8)]
  1865 | D:3      | Succumbed to an orc's poison

Illustrated notes

Levels and vault maps discovered:
D:1:      kennysheep_arrival_forest, layout_basic, serial_bayou_crossing
D:2:      layout_loops_cross
D:3:      layout_basic, xom_teletrap_fun,
          hellmonk_ecumenical_altar_heavens_door, serial_shops, shop,
          gammafunk_ghost_split

Skill      XL: |  1  2  3  4 |
---------------+-------------+-----
Short Blades   | 2 3 4 |  4.1
Fighting       | |  2.0
Throwing       | |  1.7
Dodging        | |  0.8
Stealth        | |  3.2

Action                     |  1- 3 |  4- 6 || total
---------------------------+-------+-------++-------
  Melee: Dagger            |   137 |    94 ||   231
         Long sword        |     7 |       ||     7
    Use: Potion            |       |     3 ||     3
   Stab: Sleeping          |     4 |     1 ||     5
 Armour: Ring mail         |    61 |    29 ||    90
         Robe              |     2 |       ||     2
  Dodge: Dodged            |    41 |    19 ||    60

Table legend: (Time is in decaauts)
 A = Elapsed time spent in this place.
 B = Non-inter-level travel time spent in this place.
 C = Inter-level travel time spent in this place.
 D = Time resting spent in this place.
 E = Time spent auto-exploring this place.
 F = Levels seen in this place.
 G = Mean time per level.
                   A        B        C        D        E       F      G
               +--------+--------+--------+--------+--------+-----+--------+
         Total |   1848 |   1760 |     88 |      0 |   1368 |   3 |  616.0 |
       Dungeon |   1848 |   1760 |     88 |      0 |   1368 |   3 |  616.0 |
               +--------+--------+--------+--------+--------+-----+--------+

Top non-repeatable levels by time:
     D:1: 913 daAuts
     D:2: 741 daAuts
     D:3: 193 daAuts
